AoeStats
← Tiantian_get

African Clearing

510892015Analyzed
4v4 RM · 1d ago on Oct 3, 2026· 46m 34s· 8 players
Game mode
Random Map
Map size
Large (8 player)
Population
200
Speed
Normal
Resources
Standard
Victory
Conquest
Starting age
Dark Age
Ending age
Imperial Age
RankedLock teamsTeams togetherTeam positionsShared explorationLock speedFull tech treeHidden civsTurbo modeCheats
Victory
Defeat
🇧🇷 Chinese · Brazil
1188
+12
🇧🇷 Varangians · Brazil
1187
+12
🇧🇷 Teutons · Brazil
1179
+13
🇧🇷 Malians · Brazil
1091
+16
🇨🇴 Britons · Colombia
1148
-15
🇨🇱 Mongols · Chile
1119
-14
🇧🇷 Franks · Brazil
1077
-12
🇨🇳 Spanish · China
1073
-12
Neor2526
4:26 Loom
13:54 Feudal Age
14:25 Horse Collar
14:35 Double-Bit Axe
19:43 Fletching
21:42 Wheelbarrow
26:22 Castle Age
25:50 Gold Mining
26:10 Padded Archer Armor
27:09 Crossbowman
28:41 Hand Cart
29:34 Town Watch
34:25 Imperial Age
32:50 Bodkin Arrow
33:30 Pikeman
35:20 Bracer
38:28 Arbalester
40:18 Ballistics
40:59 Chemistry
42:15 Conscription
42:12 Leather Archer Armor
44:00 Gold Shaft Mining
TheroZeuS Biri Biri
5:42 Loom
13:03 Feudal Age
18:31 Castle Age
16:46 Double-Bit Axe
19:33 Wheelbarrow
20:05 Crossbowman
22:13 Town Watch
26:39 Bow Saw
26:59 Gold Mining
27:22 Stone Mining
27:56 Horse Collar
30:37 Gold Shaft Mining
33:25 Imperial Age
31:51 Padded Archer Armor
31:42 Fletching
32:16 Ballistics
31:52 Murder Holes
34:10 Thumb Ring
33:29 Arbalester
34:28 Leather Archer Armor
34:08 Bodkin Arrow
35:20 Hand Cart
40:03 Siege Engineers
40:03 Bracer
40:15 Forging
41:19 Chemistry
40:50 Conscription
41:01 Heavy Plow
40:47 Heavy Scorpion
Tiantian_get
13:27 Feudal Age
13:47 Feudal Age
12:05 Loom
17:46 Castle Age
15:44 Stone Mining
16:15 Double-Bit Axe
16:11 Horse Collar
19:12 Bow Saw
22:54 Padded Archer Armor
24:08 Heavy Plow
24:13 Town Watch
26:29 Wheelbarrow
27:57 Hand Cart
28:31 Town Patrol
32:31 Leather Archer Armor
36:20 Imperial Age
34:08 Fletching
34:44 Bloodlines
34:35 Husbandry
34:40 Gold Mining
35:26 Stone Shaft Mining
36:26 Cavalier
37:14 Scale Barding Armor
37:05 Bodkin Arrow
37:42 Ring Archer Armor
37:23 Forging
38:01 Conscription
37:05 Elite Conquistador
39:47 Chemistry
39:08 Ballistics
40:22 Chain Barding Armor
40:38 Iron Casting
41:24 Two-Man Saw
41:05 Paladin
46:22 Plate Barding Armor
46:47 Blast Furnace
45:13 Light Cavalry
Knight_Cassian
3:58 Loom
15:42 Feudal Age
16:42 Double-Bit Axe
22:16 Castle Age
21:43 Forging
23:23 Gold Mining
27:35 Wheelbarrow
27:34 Scale Barding Armor
29:10 Husbandry
31:37 Iron Casting
38:11 Hand Cart
38:18 Stone Mining
41:30 Chain Barding Armor
45:35 Imperial Age
45:55 Cavalier
Wololo 2.0
4:13 Loom
14:45 Feudal Age
21:00 Castle Age
22:19 Bloodlines
23:39 Double-Bit Axe
23:51 Horse Collar
27:07 Bow Saw
27:45 Wheelbarrow
28:06 Husbandry
28:49 Scale Barding Armor
29:59 Forging
31:39 Gold Mining
39:59 Imperial Age
37:46 Hand Cart
38:23 Chain Barding Armor
38:53 Heavy Plow
38:36 Light Cavalry
40:42 Iron Casting
40:48 Farimba
42:43 Plate Barding Armor
43:51 Crop Rotation
DougSh4rK
14:15 Feudal Age
20:26 Castle Age
19:56 Scale Barding Armor
20:05 Forging
19:57 Double-Bit Axe
19:57 Horse Collar
21:21 Bloodlines
34:14 Iron Casting
43:24 Wheelbarrow
44:01 Chain Barding Armor
RANDALZIN
3:48 Loom
12:48 Feudal Age
17:59 Castle Age
23:02 Town Watch
23:52 Horse Collar
24:08 Fletching
24:12 Stone Mining
25:53 Wheelbarrow
26:32 Double-Bit Axe
29:17 Bodkin Arrow
29:28 Thumb Ring
30:56 Bow Saw
35:11 Imperial Age
32:49 Gold Mining
33:24 Ballistics
33:06 Padded Archer Armor
33:53 Hand Cart
34:33 Town Patrol
35:08 Town Patrol
35:48 Leather Archer Armor
35:44 Forging
36:28 Conscription
37:14 Chemistry
37:38 Conscription
38:27 Gold Shaft Mining
39:24 Bracer
39:55 Ring Archer Armor
39:56 Scale Barding Armor
40:26 Iron Casting
41:23 Bloodlines
41:15 Husbandry
40:36 Light Cavalry
41:42 Elite Chu Ko Nu
46:52 Blast Furnace
46:26 Chain Barding Armor
Tilan Borrego
4:30 Loom
14:04 Feudal Age
16:43 Bloodlines
19:10 Scale Barding Armor
20:29 Forging
24:18 Castle Age
22:55 Double-Bit Axe
22:51 Horse Collar
24:37 Horse Collar
24:30 Light Cavalry
25:11 Husbandry
29:05 Heavy Plow
29:16 Bow Saw
32:18 Gold Mining
34:20 Fletching
36:06 Chain Barding Armor
36:21 Iron Casting
36:39 Bodkin Arrow
42:45 Imperial Age
40:55 Wheelbarrow
44:28 Conscription
44:29 Hussar
46:37 Bow Saw
46:58 Crop Rotation
Connection lost

Rejoining the realm…

Still unreachable

The connection could not be restored.

Session expired

The server has moved on; the page needs a fresh start.